 Dungeon Crawl Stone Soup version 0.27.1-3-gb3d3a73c9e (webtiles) character file.

Game seed: 7673799044991123586

19 jsc133 the Ruffian (level 2, -1/23 HPs)
             Began as a Draconian Transmuter on Oct 22, 2021.
             Was a Follower of Jiyva.
             Slain by Sigmund (5 damage)
             ... on level 2 of the Dungeon.
             The game lasted 00:02:06 (288 turns).

jsc133 the Ruffian (Draconian Transmuter)            Turns: 288, Time: 00:02:07

Health: -1/23      AC:  4    Str: 12    XL:     2   Next: 55%
Magic:  5/5        EV: 12    Int: 13    God:    Jiyva [*.....]
Gold:   0          SH:  0    Dex: 11    Spells: 4/5 levels left

rFire    . . .     SeeInvis .     - Unarmed
rCold    . . .     Faith    .   (no shield)
rNeg     . . .     Spirit   .   (armour unavailable)
rPois    .         Reflect  .   (helmet restricted)
rElec    .         Harm     .   (no cloak)
rCorr    .         Rampage  .   (no gloves)
Will     .....                  (no boots)
Stlth    +.........             (no amulet)
HPRegen  0.07/turn              (no ring)
MPRegen  0.09/turn              (no ring)

@: no status effects
A: AC +4, unfitting armour, cold-blooded
a: Renounce Religion, Request Jelly


You were on level 2 of the Dungeon.
You worshipped Jiyva.
Jiyva was aware of your devotion.
You visited 1 branch of the dungeon, and saw 2 of its levels.

You aren't carrying anything.


   Skills:
 + Level 1.1 Fighting
 + Level 1.9 Dodging
 + Level 3.3 Unarmed Combat
 + Level 2.1 Spellcasting
 + Level 2.5 Transmutations


You had 4 spell levels left.
You knew the following spells:

 Your Spells              Type           Power      Damage    Failure   Level
a - Beastly Appendage     Tmut           16%        N/A       9%          1

Your spell library contained the following spells:

 Spells                   Type           Power      Damage    Failure   Level
 Wereblood                Tmut           8%         N/A       13%         2
 Spider Form              Tmut/Pois      2%         N/A       41%         3
 Ice Form                 Ice/Tmut       4%         N/A       83%         4


Dungeon Overview and Level Annotations

Branches:
Dungeon (2/15)

Altars:
Jiyva

Annotations:
D:2 Sigmund


Innate Abilities, Weirdness & Mutations

Your plain brown scales are hard. (AC +4)
You cannot fit into any form of body armour.
You are cold-blooded and may be slowed by cold attacks.


Message History

The adder bites you.
You hear an angry hiss.
The adder barely misses you.
You hit the adder.
The adder is lightly wounded.
Sigmund hits you from afar with a +0 scythe.
The adder bites you but does no damage.
You hit the adder.
Your tail-slap misses the adder.
The adder is moderately wounded.
The adder misses you.
Sigmund casts a spell.
Sigmund flickers and vanishes!
Deactivating autopickup; reactivate with Ctrl-A.
You miss the adder.
The adder is moderately wounded.
The adder barely misses you. Something barely misses you.
The adder closely misses you.
You barely miss the adder. You punch the adder.
The adder is almost dead.
The adder barely misses you.
You hit the adder but do no damage.
The adder is almost dead.
The adder closely misses you. Something hits you.
You barely miss the adder.
The adder is almost dead.
The adder closely misses you. Something hits you!
* * * LOW HITPOINT WARNING * * *
You hit the adder but do no damage.
The adder is almost dead.
The adder misses you. The adder closely misses you.
You hit the adder.
You kill the adder!
Something hits you but does no damage.
A kobold comes into view. It is wielding a +0 dagger.
The kobold shouts!
You see here an adder corpse.
Something hits you.
* * * LOW HITPOINT WARNING * * *
Something hits you.
You die...

......... .
##...#...# .#
$...#...##..#
#..#.......
#.####..#...#
.......<....#
#.#####.#†..#
###...#.{.##..#
.......@.K....#
#####.....##...
#..........
#..........
......##..#
#....#.# ...
#....#.# ..
#.......


You could see a kobold.

Vanquished Creatures
  An adder (D:2)
  A bat (D:1)
  A goblin (D:1)
  A hobgoblin (D:1)
  A quokka (D:1)
  A ball python (D:1)
  3 kobolds (D:1)
  A rat (D:1)
10 creatures vanquished.

Vanquished Creatures (others)
  A kobold (D:1)
  A rat (D:1)
2 creatures vanquished.

Grand Total: 12 creatures vanquished

Notes
Turn   | Place    | Note
-------+----------+-------------------------------------------
     0 | D:1      | jsc133 the Draconian Transmuter began the quest for the
                  | Orb.
     0 | D:1      | Reached XP level 1. HP: 16/16 MP: 3/3
    60 | D:1      | Noticed an eye of devastation
    66 | D:1      | Noticed a floating eye
    68 | D:1      | Found a faded altar of an unknown god.
    70 | D:1      | Noticed a great orb of eyes
    72 | D:1      | Noticed a golden eye
   117 | D:1      | Became a worshipper of Jiyva Jefuqar the Shapeless
   117 | D:1      | Reached * piety under Jiyva
   251 | D:1      | Reached XP level 2. HP: 22/23 MP: 5/5
   275 | D:2      | Noticed Sigmund
   288 | D:2      | Slain by Sigmund

Illustrated notes

Levels and vault maps discovered:
D:1:      doesnt_arrival_eight_statues, layout_basic,
          hellmonk_ecumenical_altar_watching_god
D:2:      layout_basic, minmay_misc_feat_room, uniq_robin, uniq_sigmund

Action                   || total
-------------------------++-------
Melee: Unarmed           ||    38
       Tailslap          ||     3
       Headbutt          ||     1
       Punch             ||     1
 Cast: Beastly Appendage ||     2
Armor: Skin              ||    14
Dodge: Dodged            ||    41
